 Dungeon Crawl Stone Soup version 0.28-a0-1506-g3893175d92 (webtiles) character file.

Game seed: 18396222631518519324

40 HallandMoats the Skirmisher (level 3, -1/29 HPs)
             Began as a Demonspawn Fighter on Jan 14, 2022.
             Was a Follower of Jiyva.
             Slain by a kobold (4 damage)
             ... on level 2 of the Dungeon.
             The game lasted 00:01:01 (827 turns).

HallandMoats the Skirmisher (Demonspawn Fighter)     Turns: 827, Time: 00:01:02

Health: -1/29      AC:  6    Str: 18    XL:     3   Next: 30%
Magic:  3/3        EV:  9    Int: 11    God:    Jiyva [*.....]
Gold:   36         SH:  4    Dex: 12    Spells: 2/2 levels left

rFire   . . .      SeeInvis .   a - +0 war axe
rCold   . . .      Faith    .   c - +0 buckler
rNeg    . . .      Spirit   .   b - +0 scale mail
rPois   .          Reflect  .   (no helmet)
rElec   .          Harm     .   (no cloak)
rCorr   .          Rampage  .   (no gloves)
Will    .....                   (no boots)
Stlth   ..........              (no amulet)
HPRegen 0.89/turn               (no ring)
MPRegen 0.33/turn               (no ring)

@: mighty, lethally poisoned (-1 -> -4)
A: hooves 1, big brain 1
a: Renounce Religion


You were on level 2 of the Dungeon.
You worshipped Jiyva.
Jiyva was aware of your devotion.
You visited 1 branch of the dungeon, and saw 2 of its levels.

You collected 36 gold pieces.

Inventory:

Hand Weapons
 a - a +0 war axe (weapon)
Armour
 b - a +0 scale mail (worn)
 c - a +0 buckler (worn)
Scrolls
 g - a scroll of amnesia {unknown}
 h - a scroll of brand weapon {unknown}
 i - a scroll of blinking {unknown}
Potions
 e - a potion of heal wounds {unknown}
 f - a potion of attraction {unknown}


   Skills:
 * Level 3.3 Fighting
 * Level 2.3 Axes
 + Level 2.8 Armour
 + Level 0.7 Dodging
 * Level 3.1 Shields


You had 2 spell levels left.
You didn't know any spells.
Your spell library was empty.

Dungeon Overview and Level Annotations

Branches:
Dungeon (2/15)

Altars:
Jiyva


Innate Abilities, Weirdness & Mutations

You have large cloven feet.
You have an unusually large brain. (Int +2)


Message History

You barely miss the adder. Your kick misses the adder.
The adder is moderately wounded.
You feel sick. The adder bites you.
* * * LOW HITPOINT WARNING * * *
The kobold throws a stone.
The stone barely misses you.
The stone barely misses the adder. x2; The adder barely misses you.
You miss the adder. You kick the adder!
You kill the adder!
You feel sick.
The kobold throws a stone.
You block the stone. The adder barely misses you.
You closely miss the adder.
You feel sick.
You are no longer poisoned.
The adder barely misses you. The adder bites you but does no damage.
The kobold throws a stone.
The stone closely misses you.
The stone hits the adder.
You miss the adder. Your kick misses the adder.
The adder is lightly wounded.
The adder closely misses you.
The kobold throws a stone.
The stone barely misses you.
The stone hits the adder but does no damage.
You block the adder's attack.
You closely miss the adder.
The adder is lightly wounded.
The adder bites you but does no damage.
The kobold hits you with a +0 short sword.
* * * LOW HITPOINT WARNING * * *
The adder completely misses you.
You barely miss the adder. You kick the adder!
The adder is almost dead.
You closely miss the kobold. The adder bites you.
* * * LOW HITPOINT WARNING * * *
The kobold hits you but does no damage. The adder bites you but does no damage.
You slash the adder!
You kill the adder!
You barely miss the kobold. The kobold barely misses you. The adder bites you.
* * * LOW HITPOINT WARNING * * *
You are lethally poisoned!
The adder poisons you!
The kobold hits you with a +0 short sword.
You die...

#. #.............#.##
#.. ######...........
...### ###.....#.## ..
...# #...........
##.####.###
#.#.......##
..........###>###..####
...........†...##..#
##.####S#.###.###..#
#@#.# ### #..# #K#.#
#..# ...># #..# ##...#
#..# #...# #..# ....#
#...[ ..#.##


You could see an adder and a kobold.

Vanquished Creatures
  2 adders (D:2)
  2 dart slugs (D:1)
  3 ball pythons (D:1)
  5 bats
  An endoplasm (D:1)
  A giant cockroach (D:2)
  2 goblins (D:1)
  A hobgoblin (D:1)
  3 jackals (D:1)
  2 kobolds (D:1)
  A quokka (D:1)
  4 frilled lizards
  A rat (D:2)
28 creatures vanquished.

Vanquished Creatures (others)
  A rat (D:1)
  5 demonic plants (D:1)
  4 fungi (D:1)
  2 plants (D:1)
  2 withered plants (D:1)
14 creatures vanquished.

Grand Total: 42 creatures vanquished

Notes
Turn   | Place    | Note
-------+----------+-------------------------------------------
     0 | D:1      | HallandMoats the Demonspawn Fighter began the quest for the
                  | Orb.
     0 | D:1      | Reached XP level 1. HP: 18/18 MP: 1/1
    29 | D:1      | Found a faded altar of an unknown god.
    76 | D:1      | Gained mutation: You have large cloven feet. [demonic
                  | ancestry]
    76 | D:1      | Reached XP level 2. HP: 24/24 MP: 2/2
   418 | D:1      | Prayed at the altar of an unknown god.
   418 | D:1      | Became a worshipper of Jiyva Jeraloop the Shapeless
   418 | D:1      | Reached * piety under Jiyva
   790 | D:2      | Gained mutation: You have an unusually large brain. (Int
                  | +2) [demonic ancestry]
   790 | D:2      | Reached XP level 3. HP: 29/29 MP: 3/3
   827 | D:2      | Slain by a kobold

Illustrated notes

Levels and vault maps discovered:
D:1:      nzn_arrival_crosshair, layout_basic, shapermc_ecumenical_altar_gd
D:2:      layout_loops_ring, dk_noncrumbling_4

Skill      XL: |  1  2 |
---------------+-------+-----
Axes           | 2 |  2.3
Shields        | 3 |  3.1
Fighting       | |  3.3
Armour         | |  2.8
Dodging        | |  0.7

Action                   || total
-------------------------++-------
Melee: War axe           ||    66
       Kick              ||    13
  Use: Potion            ||     1
Armor: Scale mail        ||    36
Dodge: Dodged            ||    41
Block: Buckler           ||    19

Table legend: (Time is in decaauts)
 A = Elapsed time spent in this place.
 B = Non-inter-level travel time spent in this place.
 C = Inter-level travel time spent in this place.
 D = Time resting spent in this place.
 E = Time spent auto-exploring this place.
 F = Levels seen in this place.
 G = Mean time per level.
                   A        B        C        D        E       F      G
               +--------+--------+--------+--------+--------+-----+--------+
         Total |    854 |    831 |     23 |      0 |    658 |   2 |  427.0 |
       Dungeon |    854 |    831 |     23 |      0 |    658 |   2 |  427.0 |
               +--------+--------+--------+--------+--------+-----+--------+

Top non-repeatable levels by time:
     D:1: 792 daAuts
     D:2: 62 daAuts
